 Dungeon Crawl Stone Soup version 0.25.1-2-g60ff931df9 (webtiles) character file.

Game seed: 493239431785969442

22199 Erymatos the Severer (level 12, 0/169 HPs)
             Began as a Minotaur Berserker on Nov 10, 2020.
             Was a High Priest of Trog.
             Slain by a white ugly thing (28 damage)
             ... on level 13 of the Dungeon.
             The game lasted 00:23:08 (11906 turns).

Erymatos the Severer (Minotaur Berserker)          Turns: 11906, Time: 00:23:08

Health: 0/169      AC: 10    Str: 23    XL:     12   Next: 60%
Magic:  11/11      EV: 20    Int:  4    God:    Trog [*****.]
Gold:   406        SH:  0    Dex: 14    Spells: 11/11 levels left

rFire    . . .     SeeInvis +   C - +0 war axe
rCold    . . .     Gourm    .   (no shield)
rNeg     . . .     Faith    .   q - +0 ring mail
rPois    .         Spirit   .   (helmet restricted)
rElec    .         Reflect  .   h - +0 cloak
rCorr    .         Harm     .   (no gloves)
MR       .....                  A - +0 pair of boots
Stlth    ..........             b - amulet of regeneration
HPRegen  0.78/turn              D - ring of see invisible
MPRegen  0.12/turn              K - +4 ring of evasion

@: berserking, very quick
A: retaliatory headbutt, horns 2
a: Berserk, Trog's Hand, Brothers in Arms, Renounce Religion


You were on level 13 of the Dungeon.
You worshipped Trog.
Trog was extremely pleased with you.
You were not hungry.

You visited 1 branch of the dungeon, and saw 14 of its levels.

You collected 874 gold pieces.
You spent 468 gold pieces at shops.

Inventory:

Hand Weapons
 C - a +0 war axe (weapon)
Armour
 h - a +0 cloak (worn)
 q - a +0 ring mail (worn)
 A - a +0 pair of boots (worn)
Jewellery
 b - an amulet of regeneration (around neck)
 e - an uncursed ring of ice
 D - a ring of see invisible (left hand)
 J - an uncursed ring of flight
 K - a +4 ring of evasion (right hand)
 L - an uncursed amulet of guardian spirit {unknown}
Wands
 i - a wand of paralysis (8)
 r - a wand of disintegration (32)
 E - a wand of iceblast (8)
 H - a wand of polymorph (19)
Scrolls
 a - 2 scrolls of blinking {unknown}
 d - 2 scrolls of magic mapping {unknown}
 k - 4 scrolls of fog
 l - a scroll of fear {unknown}
 m - 13 scrolls of remove curse
 o - 6 scrolls of teleportation
 p - 3 scrolls of amnesia {unknown}
 v - 7 scrolls of enchant weapon {unknown}
 x - a scroll of vulnerability {unknown}
 y - 9 scrolls of identify
 M - a scroll of holy word {unknown}
Potions
 f - a potion of cancellation {unknown}
 g - 5 potions of curing {unknown}
 j - 2 potions of stabbing {unknown}
 n - 2 potions of degeneration {unknown}
 s - 3 potions of lignification {unknown}
 t - 3 potions of magic {unknown}
 u - 5 potions of heal wounds {unknown}
 w - a potion of berserk rage {unknown}
 z - a potion of haste {unknown}
 B - 2 potions of resistance {unknown}
 F - a potion of mutation {unknown}
 G - a potion of flight {unknown}
 I - 3 potions of might {unknown}
 N - 2 potions of ambrosia {unknown}
Comestibles
 c - 29 rations


   Skills:
 + Level 12.8 Fighting
 + Level 16.5 Axes
 + Level 10.0 Armour
 + Level 8.4 Dodging
 + Level 3.0 Stealth


You had 11 spell levels left.
You didn't know any spells.
Your spell library was empty.

Dungeon Overview and Level Annotations

Branches:
Dungeon (14/15)            Temple (0/1) D:5            Lair (0/6) D:9
    Orc (0/2) D:10
 Vaults: D:13-14

Altars:
Ashenzari
Cheibriados
Dithmenos
Elyvilon
Hepliaklqana
Makhleb
Nemelex Xobeh
Okawaru
Trog
Uskayaw
Vehumet
Wu Jian
Yredelemnul
Zin

Shops:
D:6 =   D:10 *   D:12 =


Innate Abilities, Weirdness & Mutations

You reflexively headbutt those who attack you in melee.
You have a pair of horns on your head.


Message History

Unknown command.
You slash the purple ugly thing!
Your headbutt misses the purple ugly thing.
The purple ugly thing is severely wounded.
You slash the white ugly thing! The white ugly thing barely misses you.
You furiously retaliate!
You headbutt the white ugly thing!
Unknown command.
You slice the purple ugly thing!!
Your headbutt misses the purple ugly thing.
The purple ugly thing is almost dead.
You closely miss the white ugly thing.
The purple ugly thing punches you but does no damage.
Unknown command.
You barely miss the purple ugly thing. You headbutt the purple ugly thing!
You kill the purple ugly thing!
Trog accepts your kill.
You closely miss the white ugly thing. The white ugly thing headbutts you!
* * * LOW HITPOINT WARNING * * *
The white ugly thing freezes you!!
You die...

#.## ##.# #...........#
##.###.## #########.######
##.#.## #.......#
##..############..####.#
##.#...........)....#.#
####.#.......##.#.....#.##
#............##.#.........
##.##.#...÷u..##.#....<....
#.....#...@.÷.##.##.##.....
#.)####.......#........####
#..####.............####
#........######...###
##(######## ##.##
#.......##### #.# ###
#..####.....# #.# #..
#...###.###.#####.# #.#
#.<..##.# #.......# ####.#


You could see a white ugly thing.

Vanquished Creatures
  Josephine (D:10)
  2 hydras
  A centaur warrior (D:13)
  3 two-headed ogres
  A dancing weapon (D:13)
  A deep elf mage (D:13)
  A cyclops (D:13)
  9 ugly things
  2 manticores
  2 centaur skeletons (D:11)
  2 gargoyles (D:10)
  A komodo dragon (D:9)
  2 trolls
  2 hornets
  2 hippogriffs
  4 wraiths
  A human (D:8)
  10 yaks
  3 hungry ghosts
  2 hogs (D:8)
  3 vampire mosquitoes (D:13)
  A soldier ant (D:13)
  8 orc warriors
  2 water moccasins
  2 sky beasts
  5 ice beasts
  5 phantoms
  2 black bears
  3 ogres (D:8)
  2 eyes of draining
  A necrophage (D:12)
  5 centaurs
  10 bullfrogs
  A big kobold (D:9)
  A wyvern zombie (D:11)
  2 scorpions
  5 wights (D:10)
  3 howler monkeys
  4 crimson imps
  A quasit (D:9)
  A bullfrog zombie (D:11)
  7 jellies
  4 hounds
  6 orc wizards
  6 orc priests
  2 bullfrog skeletons
  3 iguanas
  14 worker ants
  A worker ant zombie (D:6)
  16 gnolls
  11 adders
  A shadow imp (D:10)
  An adder skeleton (D:6)
  3 worms
  3 dart slugs
  3 leopard geckos
  23 orcs
  6 giant cockroaches
  4 goblins (D:1)
  3 hobgoblins
  15 jackals
  8 quokkas
  A ball python (D:3)
  4 bats
  2 frilled lizards
  A giant cockroach zombie (D:5)
  A jackal zombie (D:7)
  9 kobolds
  A quokka zombie (D:5)
  4 rats
282 creatures vanquished.

Vanquished Creatures (collateral kills)
  A jackal (D:9)
1 creature vanquished.

Vanquished Creatures (others)
  A giant cockroach (D:3)
  2 plants (D:9)
3 creatures vanquished.

Grand Total: 286 creatures vanquished

Notes
Turn   | Place    | Note
-------+----------+-------------------------------------------
     0 | D:1      | Erymatos the Minotaur Berserker began the quest for the
                  | Orb.
     0 | D:1      | Reached XP level 1. HP: 19/19 MP: 0/0
   130 | D:1      | Reached skill level 4 in Axes
   362 | D:1      | Reached XP level 2. HP: 23/27 MP: 1/1
   992 | D:2      | Reached XP level 3. HP: 24/33 MP: 2/2
  1381 | D:2      | Reached skill level 5 in Axes
  1381 | D:2      | Reached XP level 4. HP: 41/41 MP: 3/3
  1384 | D:2      | Reached ** piety under Trog
  1456 | D:2      | Found an ornate altar of the Wu Jian Council.
  1950 | D:3      | Found a shadowy altar of Dithmenos.
  1966 | D:3      | Reached XP level 5. HP: 25/47 MP: 4/4
  2332 | D:3      | Found a hazy altar of Hepliaklqana.
  2373 | D:3      | Found a sparkling altar of Nemelex Xobeh.
  2668 | D:4      | Noticed a phantom
  2686 | D:4      | Killed a phantom
  2686 | D:4      | Reached skill level 6 in Axes
  2686 | D:4      | Reached XP level 6. HP: 54/55 MP: 5/5
  2884 | D:4      | Reached skill level 5 in Fighting
  2959 | D:4      | Reached *** piety under Trog
  2972 | D:4      | Found a snail-covered altar of Cheibriados.
  3066 | D:4      | Reached skill level 7 in Axes
  3146 | D:4      | Found a hide-covered altar of Uskayaw.
  3235 | D:4      | Reached XP level 7. HP: 46/61 MP: 6/6
  3478 | D:4      | Found a white marble altar of Elyvilon.
  3881 | D:5      | Entered Level 5 of the Dungeon
  3996 | D:5      | Reached skill level 8 in Axes
  4007 | D:5      | Found a staircase to the Ecumenical Temple.
  4029 | D:5      | Found a hazy altar of Hepliaklqana.
  4063 | D:5      | Reached skill level 5 in Armour
  4434 | D:6      | Reached XP level 8. HP: 66/70 MP: 7/7
  5107 | D:6      | Found Gorut's Jewellery Boutique.
  5154 | D:7      | Reached skill level 9 in Axes
  5321 | D:7      | Noticed a hippogriff
  5335 | D:7      | Killed a hippogriff
  5337 | D:7      | Reached **** piety under Trog
  5418 | D:7      | Noticed a hornet
  5430 | D:7      | Killed a hornet
  5430 | D:7      | Reached skill level 10 in Axes
  5430 | D:7      | Reached skill level 1 in Stealth
  5591 | D:7      | Reached XP level 9. HP: 56/78 MP: 8/8
  5732 | D:7      | Found a glowing silver altar of Zin.
  5994 | D:8      | Reached skill level 11 in Axes
  6128 | D:8      | Found a radiant altar of Vehumet.
  6175 | D:8      | Found a shattered altar of Ashenzari.
  6175 | D:8      | Found a burning altar of Makhleb.
  6177 | D:8      | Noticed a two-headed ogre
  6186 | D:8      | Reached skill level 5 in Dodging
  6191 | D:8      | Killed a two-headed ogre
  6191 | D:8      | Reached skill level 12 in Axes
  6260 | D:8      | Found a radiant altar of Vehumet.
  6260 | D:8      | Found a bloodstained altar of Trog.
  6338 | D:8      | Found a basalt altar of Yredelemnul.
  6443 | D:8      | Reached XP level 10. HP: 52/90 MP: 9/9
  6643 | D:8      | Found a snail-covered altar of Cheibriados.
  6809 | D:9      | Found a staircase to the Lair.
  6824 | D:9      | Found an iron altar of Okawaru.
  7232 | D:9      | Reached skill level 13 in Axes
  7281 | D:9      | Noticed a manticore
  7287 | D:9      | Killed a manticore
  7661 | D:9      | Reached ***** piety under Trog
  7831 | D:10     | Entered Level 10 of the Dungeon
  7933 | D:10     | You fall into a shaft and drop 3 floors!
  8035 | D:13     | Noticed a four-headed hydra
  8047 | D:13     | Killed a 12-headed hydra
  8047 | D:13     | Reached skill level 10 in Fighting
  8163 | D:13     | Noticed a deep elf mage
  8177 | D:13     | Noticed a cyclops
  8190 | D:13     | Killed a deep elf mage
  8190 | D:13     | Reached XP level 11. HP: 47/99 MP: 10/10
  8752 | D:13     | Noticed a centaur warrior
  8767 | D:13     | Killed a centaur warrior
  8767 | D:13     | Reached skill level 14 in Axes
  8872 | D:13     | Noticed a green ugly thing
  8880 | D:13     | Killed a green ugly thing
  9339 | D:12     | Found Puvae's Jewellery Emporium.
  9345 | D:12     | Bought a +4 ring of evasion for 468 gold pieces
 10031 | D:11     | Noticed a five-headed hydra
 10052 | D:11     | Killed a nine-headed hydra
 10359 | D:11     | Noticed a two-headed ogre
 10368 | D:11     | Killed a two-headed ogre
 10368 | D:11     | Reached skill level 15 in Axes
 10527 | D:11     | Noticed a white ugly thing
 10539 | D:11     | Killed a white ugly thing
 10830 | D:10     | Found a staircase to the Orcish Mines.
 10830 | D:10     | Found Owaxkoal's General Store.
 10830 | D:10     | Noticed Josephine
 10919 | D:10     | Reached XP level 12. HP: 96/111 MP: 11/11
 10922 | D:10     | Killed Josephine
 11156 | D:10     | Noticed a two-headed ogre
 11166 | D:10     | Killed a two-headed ogre
 11327 | D:10     | Reached skill level 16 in Axes
 11340 | D:10     | Received a gift from Trog
 11902 | D:13     | Reached skill level 10 in Armour
 11906 | D:13     | Slain by a white ugly thing

Illustrated notes

Levels and vault maps discovered:
D:1:      heliophobic_arrival_glass_houses, layout_loops_ring
D:2:      layout_rooms, old_standard_altar, serial_park_tiny_1
D:3:      layout_rooms, lemuel_crystal_altar, marbit_many_paths,
          nicolae_dithmenos_through_a_glass_darkly, lemuel_old_faithful
D:4:      layout_rooms, cheibriados_altar_1, lemuel_round_altar, first_ration,
          elyvilon_altar_5
D:5:      layout_rooms, minmay_temple_entry_mist, basic_altar
D:6:      layout_loops_corners, serial_shops,
          nicolae_shop_competitors_out_of_business
D:7:      layout_basic, zin_scriptorium
D:8:      layout_gridville, yredelemnul_altar_generic,
          grunt_temple_overflow_open, grunt_livestock, hangedman_feature_mirror,
          minmay_diced_spiral
D:9:      layout_grid_maze, lemuel_crystal_altar, david_lair_shrubbed
D:10:     layout_cave_pools, orc_0_dummy, serial_shops, shop, uniq_josephine
D:11:     layout_loops_corners
D:12:     layout_irregular_city, serial_shops, shop
D:13:     layout_loops_cross, gauntlet_entry_generic
D:14:     layout_basic, erik_vaults_1, minmay_misc_feat_iff

Skill      XL: |  1  2  3  4  5  6  7  8  9 10 11 12 |
---------------+-------------------------------------+-----
Axes           | 4 5 6 7 8 10 12 13 15 16 | 16.5
Fighting       | 4 5 6 8 10 11 12 | 12.8
Armour         | 3 4 5 7 8 9 10 | 10.0
Dodging        | 3 4 5 6 7 8 |  8.4
Stealth        | 1 2 3 |  3.0

Action                   |  1- 3 |  4- 6 |  7- 9 | 10-12 || total
-------------------------+-------+-------+-------+-------++-------
Melee: Hand axe          |    48 |   134 |   140 |       ||   322
       Headbutt          |     7 |    19 |    60 |   105 ||   191
       War axe           |       |       |   106 |   431 ||   537
Invok: Berserk           |     1 |     2 |     5 |    14 ||    22
       Brothers in Arms  |       |       |       |     2 ||     2
       Trog's Hand       |       |       |       |     1 ||     1
  Use: Scroll            |     2 |       |     3 |       ||     5
  Eat: Chunk             |     3 |     7 |    15 |    24 ||    49
       Ration            |       |       |       |     4 ||     4
Armor: Animal skin       |     2 |       |       |       ||     2
       Ring mail         |     5 |    45 |    86 |   120 ||   256
Dodge: Dodged            |    34 |    80 |   144 |   369 ||   627
